AoeStats
← Reimke

Lombardia

508772432Analyzed
2v2 RM · 8d ago on Sep 24, 2026· 30m 55s· 4 players
Game mode
Random Map
Map size
Medium (4 player)
Population
200
Speed
Normal
Resources
Standard
Victory
Conquest
Starting age
Dark Age
Ending age
Imperial Age
RankedLock teamsTeams togetherTeam positionsShared explorationLock speedFull tech treeHidden civsTurbo modeCheats
Victory
Defeat
🇦🇷 Malians · Argentina
1194
+13
🇦🇷 Franks · Argentina
1194
+13
🇺🇸 Saxons · United States
1138
-13
🇺🇸 Varangians · United States
1131
-13
30FLY | Andrew_Heals
5:08 Loom
11:14 Feudal Age
12:58 Feudal Age
15:31 Horse Collar
18:34 Castle Age
19:24 Husbandry
19:30 Scale Barding Armor
20:12 Fletching
20:15 Town Watch
24:26 Wheelbarrow
26:41 Double-Bit Axe
29:10 Forging
Reimke
10:06 Loom
11:52 Feudal Age
14:06 Horse Collar
14:12 Double-Bit Axe
17:14 Castle Age
16:48 Fletching
23:21 Heavy Plow
24:33 Wheelbarrow
26:30 Town Watch
26:53 Crossbowman
RoDaut
7:13 Loom
10:26 Feudal Age
11:25 Double-Bit Axe
12:04 Man-at-Arms
14:56 Arson
16:01 Scale Mail Armor
22:50 Castle Age
22:57 Forging
22:57 Long Swordsman
23:01 Pikeman
23:11 Long Swordsman
25:34 Gold Mining
26:25 Chain Mail Armor
JAC
9:23 Feudal Age
10:16 Loom
10:29 Double-Bit Axe
13:17 Forging
25:13 Castle Age
23:58 Scale Barding Armor
23:51 Gold Mining
26:37 Iron Casting
26:19 Bow Saw
30:48 Chain Barding Armor
Connection lost

Rejoining the realm…

Still unreachable

The connection could not be restored.

Session expired

The server has moved on; the page needs a fresh start.